 Dungeon Crawl Stone Soup version 0.20-a0-1050-g57248f3 (webtiles) character file.

2564 Gorglomux the Fighter (level 9, 0/90 HPs)
             Began as a Hill Orc Assassin on Apr 25, 2017.
             Was a Follower of Okawaru.
             Slain by a two-headed ogre
             ... wielding a +0 giant club
              (30 damage)
             ... on level 8 of the Dungeon.
             The game lasted 00:17:58 (8377 turns).

Gorglomux the Fighter (Hill Orc Assassin)           Turns: 8377, Time: 00:17:59

Health: 0/90       AC: 10    Str: 16    XL:     9   Next: 57%
Magic:  25/25      EV: 11    Int: 16    God:    Okawaru [*.....]
Gold:   253        SH:  0    Dex: 13    Spells: 8/8 levels left

rFire    + + .     SeeInvis .   b - +0 blowgun
rCold    . . .     Gourm    .   (no shield)
rNeg     . . .     Faith    .   G - +2 robe "Maurgh" {rPois rF+ MP+9 Int+5}
rPois    +         Spirit   .   w - +1 hat {MR+}
rElec    .         Reflect  .   d - +0 cloak
rCorr    .         Harm     .   j - +2 pair of gloves
MR       +....                  F - +0 pair of boots
Stlth    ++........             (no amulet)
Regen    0.3/turn               C - ring of protection from fire {rF+, !d}
MPRegen  0.2/turn               N - ring of wizardry {Wiz+, !d}

@: no status effects
A: no striking features
a: Heroism, Renounce Religion


You were on level 8 of the Dungeon.
You worshipped Okawaru.
Okawaru was aware of your devotion.
You were hungry.

You visited 1 branch of the dungeon, and saw 8 of its levels.

You collected 421 gold pieces.
You spent 168 gold pieces at shops.

Inventory:

Hand Weapons
 a - a +1 war axe of freezing
   (You took it off an orc priest on level 5 of the Dungeon)
 b - a +0 blowgun (weapon)
 e - a +0 dagger of speed
   (You took it off a goblin on level 1 of the Dungeon)
Missiles
 B - 42 poisoned needles (quivered)
 J - 2 curare-tipped needles
Armour
 d - a +0 cloak (worn)
 j - a +2 pair of gloves (worn)
   (You found it on level 2 of the Dungeon)
 w - a +1 hat of magic resistance (worn)
   (You found it on level 3 of the Dungeon)
 F - a +0 pair of boots (worn)
   (You found it on level 3 of the Dungeon)
 G - the +2 robe "Maurgh" (worn) {rPois rF+ MP+9 Int+5}
   (You found it on level 4 of the Dungeon)

   It affects your intelligence (+5).
   It protects you from fire.
   It protects you from poison.
   It affects your magic capacity (+9).
Magical Staves
 K - an uncursed staff of conjuration {unknown}
   (You found it on level 6 of the Dungeon)
Jewellery
 C - a ring of protection from fire (left hand) {rF+, !d}
   (You found it on level 4 of the Dungeon)
 N - a ring of wizardry (right hand) {Wiz+, !d}
   (You found it on level 6 of the Dungeon)
Wands
 P - a wand of iceblast (7/15)
   (You found it on level 6 of the Dungeon)
Scrolls
 c - 2 scrolls of enchant weapon {unknown}
 h - 2 scrolls of fear {unknown}
 l - 5 scrolls of blinking {!r}
 m - 3 scrolls of noise {unknown}
 p - a scroll of fog {unknown}
 s - 2 scrolls of enchant armour
 t - 2 scrolls of amnesia {unknown}
 u - 2 scrolls of immolation {unknown}
 y - 3 scrolls of remove curse {unknown}
 A - 3 scrolls of magic mapping {unknown}
 E - 3 scrolls of random uselessness {unknown}
 H - 3 scrolls of teleportation {unknown}
 M - 5 scrolls of identify
Potions
 f - 2 potions of flight {unknown}
 k - a potion of mutation {unknown}
 n - a potion of might
 q - a potion of haste
 v - a potion of lignification {unknown}
 z - 2 potions of heal wounds
 D - a potion of berserk rage {unknown}
 I - 3 potions of curing
Books
 L - a book of Maledictions
   (You found it on level 5 of the Dungeon)
Comestibles
 g - 7 bread rations {@e1@e1}
 i - 3 fruits
 o - 4 meat rations {@e2@e2}
 r - 4 royal jellies


   Skills:
 - Level 11.6 Fighting
 - Level 2.0 Short Blades
 + Level 2.6 Axes
 - Level 1.7 Throwing
 - Level 0.7 Dodging
 - Level 3.2 Stealth
 - Level 10.0 Invocations


You had 8 spell levels left.
You didn't know any spells.

Dungeon Overview and Level Annotations

Branches:
Dungeon (8/15)             Temple (0/1) D:7
   Lair: D:8-11

Altars:
Ashenzari
Okawaru
Wu Jian
Xom

Shops:
D:4 }   D:5 *


Message History

You now have 253 gold pieces (gained 10).
Some of the chunks of flesh in your inventory have rotted away.
All of the chunks of flesh in your inventory have rotted away.
Done exploring.
No target in view!
Done exploring.
You start waiting.
Done waiting.
Health restored: 90 Done exploring.
No target in view!
Unknown command.
Done exploring.
No target in view!
Unknown command.
(D) Dungeon (T) Temple
Where to? (Enter - D:7 @ (x,y), ? - help)
There is a stone staircase leading up here.
There is a stone staircase leading down here.
You climb downwards.
There is a stone staircase leading up here.
There is a stone staircase leading up here.
You open the door.
Found a stone staircase leading down.
There is an open door here.
You found an alarm trap!
A killer bee zombie comes into view.
You are feeling hungry.
A shadow imp comes into view.
There are monsters nearby!
The helpless killer bee zombie fails to defend itself.
You slash the killer bee zombie! You freeze the killer bee zombie.
The killer bee zombie hits you but does no damage.
The killer bee zombie closely misses you. x2
You barely miss the killer bee zombie.
The killer bee zombie hits you but does no damage. x2
You barely miss the killer bee zombie. The killer bee zombie hits you. x2
The killer bee zombie barely misses you.
You take 10 damage, and have 80/90 hp.
You closely miss the killer bee zombie. The killer bee zombie hits you.
The killer bee zombie barely misses you.
You take 2 damage, and have 78/90 hp.
You slash the killer bee zombie!
You destroy the killer bee zombie!
Okawaru accepts your kill.
No target in view!
No target in view!
The shadow imp shouts, "Scamper away, thou lumpish flap-mouthed swadder!"
The shadow imp is too close now for your liking.
The shadow imp gestures at you. Pain shoots through your body!
You take 4 damage, and have 74/90 hp.
You completely miss the shadow imp. The shadow imp closely misses you.
The shadow imp hits you.
You take 1 damage, and have 73/90 hp.
You slash the shadow imp! The shadow imp misses you.
You slash the shadow imp!
You kill the shadow imp!
Okawaru accepts your kill.
No target in view!
No target in view!
No target in view!
No target in view!
No target in view!
No target in view!
A two-headed ogre comes into view.
It is wielding a giant club and a giant spiked club.
You regained 2 hp, and now have 76/90 hp.
A two-headed ogre is nearby!
A two-headed ogre is nearby!
The two-headed ogre shouts in stereo!
You gain the combat prowess of a mighty hero.
You now have 23/25 mp.
The two-headed ogre misses you. The two-headed ogre barely misses you.
You barely miss the two-headed ogre. You slice the two-headed ogre!!
You freeze the two-headed ogre!
The two-headed ogre hits you with a giant club!
The two-headed ogre hits you with a giant spiked club.
You take 18 damage, and have 59/90 hp.
You hit the two-headed ogre but do no damage.
The two-headed ogre hits you with a giant club!!
* * * LOW HITPOINT WARNING * * *
The two-headed ogre hits you with a giant spiked club!
* * * LOW HITPOINT WARNING * * *
Unknown command.
You take 46 damage, and have 13/90 hp.
MASSIVE DAMAGE!!
The two-headed ogre completely misses you.
The two-headed ogre closely misses you.
MP restored: 25 Your +1 war axe of freezing stops glowing.
b - a +0 blowgun (weapon)
You feel like a meek peon again.
The two-headed ogre hits you with a giant club!
* * * LOW HITPOINT WARNING * * *
The two-headed ogre barely misses you.
You take 15 damage, and have 24/90 hp.
There is an open door here.
There is a stone staircase leading up here.
The two-headed ogre hits you with a giant club!!
You die...

###### #######
##....# #.....#
#.....####......
#####...##..##.....
###..##...##.........
#....##...##..##....#
+.........'...#######
# #...O##...#....#
..##...@##...#....#
.........+...#>..^#
........###+###..##
........##...##..##
.........#........#
####....##...##..##
#######...##...#
+....##...##...#
#..............#


You could see a two-headed ogre.

Vanquished Creatures
  A hippogriff (D:4)
  A hungry ghost (D:7)
  Menkaure (D:4)
  An ice beast (D:6)
  A sky beast (D:6)
  A necrophage (D:6)
  3 ogres
  A centaur (D:7)
  4 scorpions
  4 wights (D:6)
  2 howler monkeys
  2 crimson imps
  2 hounds
  7 orc priests
  A jelly (D:5)
  7 orc wizards
  3 iguanas
  5 worker ants
  A killer bee zombie (D:8)
  2 hound skeletons
  7 gnolls
  7 adders
  2 shadow imps
  3 oozes
  An adder skeleton (D:4)
  An adder zombie (D:5)
  A worm (D:3)
  3 dart slugs
  2 leopard geckos
  32 orcs
  2 ball pythons
  5 bats
  12 giant cockroaches
  7 goblins
  7 hobgoblins
  11 jackals
  6 kobolds
  4 quokkas
  11 frilled lizards
  11 rats
185 creatures vanquished.

Notes
Turn   | Place    | Note
-------+----------+-------------------------------------------
     0 | D:1      | Gorglomux the Hill Orc Assassin began the quest for the Orb.
     0 | D:1      | Reached XP level 1. HP: 18/18 MP: 1/1
    87 | D:1      | Reached skill level 3 in Fighting
    94 | D:1      | Reached XP level 2. HP: 25/26 MP: 2/2
   211 | D:1      | Reached skill level 4 in Fighting
   382 | D:1      | Reached XP level 3. HP: 33/33 MP: 3/3
  1021 | D:2      | Reached skill level 5 in Fighting
  1025 | D:2      | Reached XP level 4. HP: 21/42 MP: 4/4
  2042 | D:3      | Reached skill level 6 in Fighting
  2042 | D:3      | Reached XP level 5. HP: 39/50 MP: 5/5
  2342 | D:3      | Reached skill level 7 in Fighting
  2766 | D:3      | Reached XP level 6. HP: 60/60 MP: 6/6
  3280 | D:4      | Found Gebes's Gadget Shoppe.
  3283 | D:4      | Reached skill level 8 in Fighting
  3296 | D:4      | Got a smoking robe
  3313 | D:4      | Identified the +2 robe "Maurgh" {rPois rF+ MP+9 Int+5} (You found it on level 4 of the Dungeon)
  3381 | D:4      | Found a shattered altar of Ashenzari.
  3383 | D:4      | Noticed Menkaure
  3385 | D:4      | Saw a vision of the Shoals and the Spider Nest.
  3385 | D:4      | Noticed a redback
  3385 | D:4      | Noticed a hippogriff
  3385 | D:4      | Noticed a redback
  3385 | D:4      | Noticed a wolf spider
  3385 | D:4      | Noticed a hippogriff
  3385 | D:4      | Noticed a merfolk siren
  3385 | D:4      | Noticed a wolf spider
  3385 | D:4      | Noticed a sea snake
  3385 | D:4      | Noticed a redback
  3386 | D:4      | Noticed a merfolk
  3386 | D:4      | Noticed a merfolk siren
  3388 | D:4      | Noticed a wolf spider
  3396 | D:4      | Killed Menkaure
  3396 | D:4      | Reached XP level 7. HP: 57/69 MP: 7/7
  3420 | D:4      | Found an iron altar of Okawaru.
  3499 | D:4      | Became a worshipper of Warmaster Okawaru
  3605 | D:4      | Reached skill level 9 in Fighting
  3878 | D:4      | Noticed a hippogriff
  3934 | D:4      | Killed a hippogriff
  4104 | D:5      | Entered Level 5 of the Dungeon
  4139 | D:5      | Reached skill level 10 in Fighting
  4414 | D:5      | Found a shattered altar of Ashenzari.
  4418 | D:5      | Found an ornate altar of the Wu Jian Council.
  4418 | D:5      | Found a shimmering altar of Xom.
  4500 | D:5      | Found Hemeludu's Assorted Antiques.
  4632 | D:4      | Reached XP level 8. HP: 75/81 MP: 8/8
  4684 | D:5      | Reached * piety under Okawaru
  4963 | D:5      | Reached skill level 11 in Fighting
  5591 | D:5      | Reached skill level 1 in Invocations
  5600 | D:5      | Reached skill level 2 in Invocations
  5889 | D:5      | Bought a scroll labeled OQUXIOL CARA for 28 gold pieces
  5889 | D:5      | Bought a scroll labeled NUOKKALAIN for 28 gold pieces
  5889 | D:5      | Bought a scroll labeled SUF PUIDWAEKAT for 28 gold pieces
  5889 | D:5      | Bought a scroll labeled REIVVO VOIHOOZ for 28 gold pieces
  5889 | D:5      | Bought a scroll labeled GAQERA WUASO for 28 gold pieces
  5889 | D:5      | Bought a scroll labeled PAVVOQ LEBRIZE for 28 gold pieces
  6143 | D:6      | Reached skill level 3 in Invocations
  6160 | D:6      | Reached skill level 4 in Invocations
  6160 | D:6      | Reached skill level 5 in Invocations
  6466 | D:6      | Reached skill level 6 in Invocations
  6472 | D:6      | Reached XP level 9. HP: 75/90 MP: 14/14
  6598 | D:6      | Reached skill level 7 in Invocations
  6914 | D:6      | Reached skill level 8 in Invocations
  7419 | D:7      | Reached skill level 9 in Invocations
  7492 | D:7      | Found a staircase to the Ecumenical Temple.
  7679 | D:7      | Reached skill level 10 in Invocations
  7739 | D:7      | Reached skill level 1 in Axes
  7776 | D:7      | Reached skill level 2 in Axes
  7784 | D:7      | Reached ** piety under Okawaru
  8241 | D:8      | Noticed a two-headed ogre
  8249 | D:8      | HP: 13/90 [two-headed ogre/giant club (14)]
  8377 | D:8      | Slain by a two-headed ogre

Vault maps used:
D:1:      elethiomel_arrival_maze
D:2:      first_bread
D:3:      dk_noncrumbling_2, kennysheep_generic_room_11
D:4:      kennysheep_okawaru_gauntlet, serial_shops, shop,
          grunt_ashenzari_visionary, uniq_menkaure
D:5:      minitemple, serial_shops, shop
D:7:      minmay_temple_entry_fiery
D:8:      uniq_joseph

Skill      XL: |  1  2  3  4  5  6  7  8  9 |
---------------+----------------------------+-----
Fighting       | 3 4 5 6 7 8 10 11 | 11.6
Invocations    | 6 10 | 10.0
Axes           | 2 |  2.6
Short Blades   | |  2.0
Throwing       | |  1.7
Dodging        | |  0.7
Stealth        | |  3.2

Action                   |  1- 3 |  4- 6 |  7- 9 || total
-------------------------+-------+-------+-------++-------
Melee: Dagger            |   109 |   260 |   457 ||   826
       War axe           |       |       |   195 ||   195
       Punch             |       |       |     2 ||     2
 Fire: Blowgun           |     9 |    54 |    90 ||   153
Invok: Heroism           |       |       |     6 ||     6
  Use: Potion            |       |     2 |       ||     2
       Scroll            |       |       |     5 ||     5
 Stab: Sleeping          |     8 |     9 |     9 ||    26
       Distracted        |       |       |     1 ||     1
  Eat: Chunk             |       |     8 |    18 ||    26
Armor: Robe              |    22 |    17 |   222 ||   261
       Leather armour    |       |    64 |       ||    64
Dodge: Dodged            |    41 |   122 |   356 ||   519

Vault maps used:
D:1:      elethiomel_arrival_maze
D:2:      first_bread
D:3:      dk_noncrumbling_2, kennysheep_generic_room_11
D:4:      kennysheep_okawaru_gauntlet, serial_shops, shop,
          grunt_ashenzari_visionary, uniq_menkaure
D:5:      minitemple, serial_shops, shop
D:7:      minmay_temple_entry_fiery
D:8:      uniq_joseph

Table legend:
 A = Turns spent in this place as a percentage of turns spent in the entire game.
 B = Non-inter-level travel turns spent in this place as a percentage of non-inter-level travel turns spent in the entire game.
 C = Inter-level travel turns spent in this place as a percentage of turns spent in this place.
 D = Turns resting spent in this place as a percentage of non-inter-level travel turns spent in this place.
 E = Turns spent auto-exploring this place as a percentage of non-inter-level travel turns spent in this place.
 F = Non-inter-level travel turns spent in this place divided by the number of levels of this place that you've seen.
                   A       B       C       D       E      F
               +-------+-------+-------+-------+-------+----------------------
         Total | 100.0 | 100.0 |   0.3 |   1.3 |   6.4 | 442.8
       Dungeon | 100.0 | 100.0 |   0.3 |   1.3 |   6.4 | 442.8
               +-------+-------+-------+-------+-------+----------------------

Table legend:
 A = Kills in this place as a percentage of kills in entire the game.
 B = Kills by you in this place as a percentage of kills by you in the entire game.
 C = Kills by friends in this place as a percentage of kills by friends in the entire game.
 D = Other kills in this place as a percentage of other kills in the entire game.
 E = Experience gained in this place as a percentage of experience gained in the entire game.
 F = Experience gained in this place divided by the number of levels of this place that you have seen.
                   A       B       C       D       E      F
               +-------+-------+-------+-------+-------+----------------------
         Total | 100.0 | 100.0 |  -nan |  -nan | 100.0 | 457.9
       Dungeon | 100.0 | 100.0 |  -nan |  -nan | 100.0 | 457.9
               +-------+-------+-------+-------+-------+----------------------
